Map: Data-C

Players

MattBarry

  • Race: Zerg Zerg
  • League: Gold
  • Spawn Location: 3:00

Sigma - Winner!

  • Race: Zerg Zerg
  • Spawn Location: 9:00

VOD

Have the link to the VOD?

Description

Time

  • Played on: Jan. 21, 2023, 5:30 a.m.
  • Length: 10:47
Show
View Real Time Build Order
Export as new Build Order

MattBarry Zerg 

Build Orders: Pool First 

Get SALT Encoding   

  12  0:00  Drone  
  13  0:10  Drone  
  14  0:18  Drone, Extractor x2  
  13  0:22  Drone  
  16  0:44  Spawning Pool  
  15  1:01  Hatchery  
  14  1:04  Extractor  
  14  1:06  Drone  
  14  1:07  Extractor  
  14  1:12  Overlord  
  14  1:30  Zergling x6  
  17  1:43  Zergling x2, Queen  
  20  1:57  Drone  
  21  2:03  Drone  
  22  2:15  Drone  
  23  2:24  Metabolic Boost  
  23  2:28  Drone x2  
  25  2:30  Zergling x2  
  26  2:39  Zergling x4  
  27  2:49  Overlord x2  
  26  2:56  Zergling x2  
  27  2:59  Overlord  
  27  3:04  Extractor  
  27  3:05  Zergling x2  
  27  3:06  Zergling x2, Evolution Chamber  
  28  3:15  Queen  
  30  3:29  Zergling x8  
  35  3:41  Drone x4  
  34  4:16  Baneling Nest  
  31  4:22  Roach Warren  
  30  4:24  Queen  
  30  4:29  Drone  
  30  4:30  Drone x3  
  35  4:40  Zerg Missile Weapons Level 1  
  31  4:49  Zergling x4  
  31  4:50  Zergling x6  
  28  4:54  Zergling x2  
  28  4:55  Zergling x4  
  30  5:00  Queen  
  30  5:03  Zergling x2  
  16  5:31  Drone  
  17  5:46  Drone  
  18  5:56  Drone  
  19  6:17  Drone x2  
  21  6:20  Drone  
  22  6:29  Drone  
  23  6:37  Drone  
  24  6:42  Drone  
  24  6:45  Baneling  
  24  6:46  Baneling  
  25  6:48  Baneling  
  25  6:51  Baneling  
  24  7:07  Drone x4  
  26  7:27  Drone  
  26  7:28  Drone x5  
  28  7:35  Drone  
  29  7:49  Roach  
  29  7:50  Roach  
  33  7:52  Roach  
  33  7:53  Roach  
  37  8:01  Roach x2  
  37  8:03  Zergling x4  
  37  8:04  Zergling x2  
  44  8:17  Zergling x4  
  46  8:28  Drone  
  46  8:31  Drone x2  
  46  8:32  Drone  
  50  8:39  Zergling x10  
  50  8:51  Zergling x4  
  50  8:53  Overlord  
  52  9:01  Spine Crawler  
  51  9:03  Spine Crawler x2  
  51  9:05  Zergling x4  
  51  9:06  Zergling x2  
  41  9:24  Zergling x6  
  38  9:30  Zergling x2  
  39  9:34  Zergling x4  
  37  9:47  Zergling x2  
  29  9:54  Zergling x2  
  29  9:59  Zergling x2  
  1  10:20  Zergling x2  
Show
View Real Time Build Order
Export as new Build Order

Sigma Zerg - Winner!

Build Orders: Pool First 

Get SALT Encoding   

  12  0:01  Drone  
  13  0:08  Drone  
  14  0:14  Extractor  
  14  0:16  Drone  
  15  0:22  Overlord  
  15  0:41  Drone x2  
  17  0:46  Drone  
  18  0:56  Spawning Pool  
  17  1:11  Hatchery  
  16  1:13  Drone  
  16  1:16  Drone  
  18  1:21  Drone  
  19  1:27  Extractor  
  19  1:28  Drone  
  19  1:38  Overlord  
  19  1:53  Queen, Drone  
  22  2:00  Zergling x2  
  23  2:09  Spine Crawler  
  23  2:10  Zergling x2  
  23  2:23  Zergling x2  
  23  2:24  Zergling x2  
  23  2:26  Queen  
  23  2:29  Queen  
  29  2:38  Zergling x2  
  29  2:39  Zergling x2  
  30  2:53  Metabolic Boost  
  30  2:55  Drone x4  
  34  3:07  Overlord x2  
  34  3:19  Baneling Nest  
  33  3:21  Zergling x2  
  33  3:22  Zergling x2, Evolution Chamber  
  34  3:35  Zergling x8  
  38  4:11  Zergling x2, Drone x3  
  38  4:12  Zergling x4  
  43  4:24  Overlord  
  43  4:25  Overlord  
  43  4:36  Zergling x4  
  42  4:46  Evolution Chamber  
  42  4:47  Roach Warren  
  40  4:57  Drone x6  
  40  4:58  Drone  
  47  5:04  Drone  
  46  5:13  Roach Warren  
  44  5:15  Queen  
  42  5:25  Zergling x6  
  42  5:26  Zergling x2  
  46  5:34  Drone x2  
  48  5:37  Extractor  
  47  5:50  Hatchery  
  47  5:57  Zergling x8  
  50  6:05  Hatchery  
  50  6:20  Hatchery  
  49  6:29  Roach x3  
  49  6:30  Roach x2  
  59  6:32  Overlord  
  59  6:33  Overlord x3  
  59  6:38  Baneling  
  59  6:39  Baneling x5  
  59  6:48  Drone  
  61  6:54  Drone  
  61  6:55  Extractor, Drone x2  
  62  7:10  Drone x3  
  62  7:12  Drone x2  
  56  7:36  Roach x4  
  56  7:37  Roach x2  
  68  7:43  Lair, Extractor  
  67  7:54  Roach  
  67  7:55  Roach x7  
  83  8:00  Drone x2  
  83  8:01  Drone x2  
  87  8:09  Zerg Ground Armor Level 1  
  87  8:10  Zerg Missile Weapons Level 1  
  87  8:18  Drone x2  
  87  8:19  Roach  
  93  8:20  Roach  
  91  8:47  Roach  
  91  8:48  Roach x5  
  103  8:51  Overlord x2  
  103  8:57  Baneling x4  
  103  9:08  Overlord x3  
  102  9:13  Roach  
  102  9:14  Roach  
  102  9:15  Roach  
  104  9:28  Roach  
  104  9:29  Roach x3  
  112  9:34  Drone x3  
  112  9:35  Drone  
  100  10:03  Roach x3  
  100  10:04  Roach x2  
  110  10:10  Drone x2  
  110  10:11  Hatchery, Drone x2  
  113  10:25  Spine Crawler  
  113  10:27  Drone x3  
  113  10:28  Spine Crawler, Drone  
Tags
 
League
Gold
Matchup
ZvZ
Race
Zerg
Replay Pack
Multiplayer
Spawn Locations
Cross Positions
Add a new tag
Caveats
  • Supply blocks, unpowered buildings, or Contaminate may cause inaccurate times.
  • Supply counts are checked every 10 seconds.